 Dungeon Sprint DCSS version 0.21-a0-400-g417d9d2 (webtiles) character file.

25 Amnesiac the Sneak (level 2, 22/28 HPs)
             Began as a Demonspawn Earth Elementalist on Oct 20, 2017.
             Quit the game in the Dungeon (Sprint I: "Red Sonja").
             The game lasted 00:00:14 (14 turns).

Amnesiac the Sneak (Demonspawn Earth Elementalist)    Turns: 14, Time: 00:00:15

Health: 22/28      AC:  2    Str: 13    XL:     2   Next: 82%
Magic:  0/5        EV: 12    Int: 16    God:
Gold:   0          SH:  0    Dex: 13    Spells: 4/5 levels left

rFire    . . .     SeeInvis .   (no weapon)
rCold    . . .     Gourm    .   (no shield)
rNeg     . . .     Faith    .   c - +0 robe
rPois    .         Spirit   .   (helmet restricted)
rElec    .         Reflect  .   (no cloak)
rCorr    .         Harm     .   (no gloves)
MR       .....     NoTele   +   (no boots)
Stlth    ..........             (no amulet)
HPRegen  0.09/turn              (no ring)
MPRegen  0.09/turn              (no ring)

@: berserking, very quick
A: horns 1
a: no special abilities


You were in the Dungeon.
You were not hungry.

You visited 1 branch

Inventory:

Missiles
 b - 27 stones (quivered)
Armour
 c - a +0 robe (worn)
Scrolls
 j - a scroll of blinking {!r}
Potions
 e - a potion of curing {!q}
 f - a potion of heal wounds {!q}
 g - a potion of haste {!q}
 h - 2 potions of magic {!q}
Books
 k - a book of Geomancy

   Spells                             Type                      Level
   a - Sandblast                      Earth                        1
   b - Passwall                       Transmutation/Earth          2
   c - Stone Arrow                    Conjuration/Earth            3
   d - Petrify                        Transmutation/Earth          4
   e - Lee's Rapid Deconstruction     Earth                        5
Comestibles
 d - a bread ration


   Skills:
 - Level 1.7 Dodging
 + Level 6.0 Stealth
 - Level 2.0 Spellcasting
   Level 0.8 Transmutations
 - Level 2.6 Earth Magic


You had 4 spell levels left.
You knew the following spells:

 Your Spells              Type           Power        Failure   Level  Hunger
a - Sandblast             Erth           ##....       7%          1    #......


Dungeon Overview and Level Annotations

Branches:
Dungeon (1/1)

Altars:


Innate Abilities, Weirdness & Mutations

You have a pair of small horns on your head.


Message History

Welcome, Amnesiac the Demonspawn Earth Elementalist.
Press ? for a list of commands and other information.
Found a staircase leading out of the dungeon.
You open the door.
Ijyb the Twisted Goblin comes into view.
She is wielding a dagger.
Press: ? - help, v - describe, . - travel
Here: Ijyb, wielding a dagger and wearing a leather armour (resting)
The floor.
Unknown command.
Casting: Sandblast
Confirm with . or Enter, or press ? or * to list all spells.
Aiming: Sandblast
Press: ? - help, Shift-Dir - straight line, f - Ijyb
Aim: Ijyb, wielding a dagger and wearing a leather armour (resting)
The blast of sand hits Ijyb.
Ijyb shouts!
b - 29 stones
Casting: Sandblast
Confirm with . or Enter, or press ? or * to list all spells.
Aiming: Sandblast
Press: ? - help, Shift-Dir - straight line, f/p - Ijyb
Aim: Ijyb, wielding a dagger and wearing a leather armour The blast of sand misses Ijyb.
b - 28 stones
Casting: Sandblast
Confirm with . or Enter, or press ? or * to list all spells.
Aiming: Sandblast
Press: ? - help, Shift-Dir - straight line, f/p - Ijyb
Aim: Ijyb, wielding a dagger and wearing a leather armour The blast of sand hits Ijyb.
Ijyb is lightly wounded.
b - 27 stones Unknown command.
Really quaff
i - a potion of berserk rage {!q}?
A red film seems to cover your vision as you go berserk!
You feel yourself moving faster!
You feel mighty! Ijyb hits you with a dagger.
You hit Ijyb.
Ijyb is moderately wounded.
Ijyb barely misses you.
You closely miss Ijyb.
Ijyb is moderately wounded.
Ijyb hits you with a dagger.
You hit Ijyb.
Ijyb is heavily wounded.
You closely miss Ijyb.
Ijyb is heavily wounded.
Ijyb closely misses you.
You closely miss Ijyb.
Ijyb is heavily wounded.
Ijyb hits you but does no damage.
You hit Ijyb.
Ijyb is severely wounded.
Ijyb closely misses you.
You punch Ijyb!
Ijyb is almost dead.
You hit Ijyb.
You kill Ijyb!
Your Stealth skill gained 5 levels and is now at level 6!
You have reached level 2!
Your demonic ancestry asserts itself...
A pair of horns grows on your head!
Are you sure you want to abandon this character and quit the game? (Confirm with "yes".)

#### ##
#<.#..+
#.@)..#
#..####
#..#
#..#
#..#
#⌠⌠#
####


There were no monsters in sight!

Vanquished Creatures
  Ijyb (D)
1 creature vanquished.

Notes
Turn   | Place    | Note
-------+----------+-------------------------------------------
     0 | D        | Amnesiac the Demonspawn Earth Elementalist began the quest for the Orb.
     0 | D        | Reached XP level 1. HP: 13/13 MP: 3/3
     1 | D        | Noticed Ijyb
    13 | D        | Killed Ijyb
    13 | D        | Reached skill level 6 in Stealth
    13 | D        | Gained mutation: You have a pair of small horns on your head. [demonic ancestry]
    13 | D        | Reached XP level 2. HP: 19/19 MP: 0/5
    14 | D        | Quit the game

Vault maps used:
D:        dungeon_sprint_1

Skill      XL: |  1 |
---------------+----+-----
Stealth        | 6 |  6.0
Dodging        | |  1.7
Spellcasting   | |  2.0
Transmutations | |  0.8
Earth Magic    | |  2.6

Action                   || total
-------------------------++-------
Melee: Unarmed           ||     8
 Cast: Sandblast         ||     3
  Use: Potion            ||     1
Dodge: Dodged            ||     3

Table legend:
 A = Spawn XP
 B = Non-spawn XP
 C = Spawn XP percentage of total XP
 D = Spawn monster count
 E = Non-spawn monster count
 F = Spawn count percentage of total count
 G = Total turns spent on level
                    A         B        C        D         E        F      G
               +---------+---------+-------+---------+---------+-------+---------
         Total |       0 |      36 |   0.0 |       0 |       1 |   0.0 |    14
               +---------+---------+-------+---------+---------+-------+---------
             D |       0 |      36 |   0.0 |       0 |       1 |   0.0 |    14
               +---------+---------+-------+---------+---------+-------+---------
